 Dungeon Crawl Stone Soup version 0.29-a0-275-g389c0b56f3 (webtiles) character file.

Game seed: 6510177867292258428

97 Ajdolov the Shooter (level 4, -5/41 HPs)
             Began as a Gnoll Wanderer on Mar 13, 2022.
             Killed by divine providence
             ... invoked by an orc priest
              (14 damage)
             ... on level 3 of the Dungeon.
             The game lasted 00:02:49 (1650 turns).

Ajdolov the Shooter (Gnoll Wanderer)                Turns: 1650, Time: 00:02:49

Health: -5/41      AC: 11    Str: 17    XL:     4   Next: 68%
Magic:  5/5        EV: 11    Int:  7    God:
Gold:   9          SH:  0    Dex: 12    Spells: 5/5 levels left

rFire   . . .      SeeInvis .   b - +0 mace (protect)
rCold   . . .      Faith    .   (no shield)
rNeg    . . .      Spirit   .   d - +0 leather armour
rPois   .          Reflect  .   (no helmet)
rElec   .          Harm     .   e - +0 cloak
rCorr   .          Rampage  .   (no gloves)
Will    .....                   (no boots)
Stlth   +.........              (no amulet)
HPRegen 0.13/turn               (no ring)
MPRegen 0.09/turn               (no ring)

@: under a protective aura
A: fangs 1, strong nose, distributed training
a: no special abilities


You were on level 3 of the Dungeon.
You visited 1 branch of the dungeon, and saw 4 of its levels.

You collected 48 gold pieces.
You spent 39 gold pieces at shops.

Inventory:

Hand Weapons
 a - a +3 shortbow
 b - a +0 mace of protection (weapon)
Armour
 d - a +0 leather armour (worn)
 e - a +0 cloak (worn)
Wands
 h - a wand of polymorph (8)
Scrolls
 c - 2 scrolls of teleportation
 g - a scroll of enchant weapon {unknown}
Potions
 f - a potion of curing
 i - a potion of berserk rage {unknown}


   Skills:
 + Level 6.6 Fighting
 + Level 1.2 Short Blades
 + Level 1.2 Long Blades
 + Level 1.2 Axes
 + Level 4.7 Maces & Flails
 + Level 1.2 Polearms
 + Level 1.2 Staves
 + Level 1.2 Slings
 + Level 6.6 Bows
 + Level 1.2 Crossbows
 + Level 1.2 Throwing
 + Level 1.2 Armour
 + Level 1.2 Dodging
 + Level 1.2 Stealth
 + Level 1.2 Shields
 + Level 1.2 Unarmed Combat
 + Level 1.2 Spellcasting
 + Level 1.0 Conjurations
 + Level 1.0 Hexes
 + Level 1.0 Summonings
 + Level 1.0 Necromancy
 + Level 1.0 Translocations
 + Level 1.0 Transmutations
 + Level 1.0 Fire Magic
 + Level 1.0 Ice Magic
 + Level 1.0 Air Magic
 + Level 1.0 Earth Magic
 + Level 1.0 Poison Magic
 + Level 1.3 Invocations
 + Level 4.7 Evocations


You had 5 spell levels left.
You didn't know any spells.
Your spell library contained the following spells:

 Spells                   Type           Power      Damage    Failure   Level
 Animate Skeleton         Necr           2%         N/A       32%         1
 Apportation              Tloc           2%         N/A       32%         1
 Summon Small Mammal      Summ           4%         N/A       32%         1
 Corpse Rot               Necr/Air       2%         N/A       43%         2
 Poisonous Vapours        Pois/Air       2%         N/A       43%         2


Dungeon Overview and Level Annotations

Branches:
Dungeon (4/15)
 Temple: D:4-7

Altars:

Shops:
D:3 (!


Innate Abilities, Weirdness & Mutations

You have very sharp teeth.
Your uncanny sense of smell can sniff out nearby items.
Your experience applies equally to all skills.


Message History

The orc priest looks braver for a moment.
The orc priest mumbles some strange prayers to Beogh against you.
Pain shoots through your body!
There is a broken door here.
The orc priest barely misses you.
The orc priest hits you with a +0 trident.
You hit the orc priest.
Your weapon exudes an aura of protection.
The orc priest is lightly wounded.
The orc priest mumbles some strange prayers to Beogh against you.
Beogh smites you!
You closely miss the orc priest. Your bite misses the orc priest.
The orc priest is lightly wounded.
The orc priest hits you with a +0 trident.
The orc priest mumbles some strange prayers to Beogh against you.
Beogh smites you!
* * * LOW HITPOINT WARNING * * *
You barely miss the orc priest. Your bite misses the orc priest.
The orc priest is lightly wounded.
The orc priest hits you but does no damage.
You barely miss the orc priest.
The orc priest is lightly wounded.
The orc priest closely misses you.
You sock the orc priest!
Your weapon exudes an aura of protection.
The orc priest is severely wounded.
The orc priest hits you with a +0 trident.
* * * LOW HITPOINT WARNING * * *
You hit the orc priest.
The orc priest is almost dead.
The orc priest hits you with a +0 trident.
* * * LOW HITPOINT WARNING * * *
You feel better.
The orc priest hits you with a +0 trident.
* * * LOW HITPOINT WARNING * * *
You hit the orc priest but do no damage.
The orc priest is almost dead.
The orc priest invokes the aid of Beogh against you.
Beogh smites you!
You die...

#.....#.#
#.....#.#
#.......# #
######..#
.#.### #..#
......# ###..#
.......##
#....#
##...####....#
#....o@.'...>#
#...##.##...##
#.......#...#
.o.......#####
..o#####...#


So. #..## .r ..). ...# ..... You could see an orc priest.

Vanquished Creatures
  A hound (D:4)
  An adder (D:2)
  A gnoll (D:3)
  4 dart slugs (D:1)
  7 orcs
  2 endoplasms (D:1)
  A giant cockroach (D:1)
  2 hobgoblins (D:1)
  2 quokkas (D:1)
  2 bats (D:1)
  5 goblins
  A kobold (D:1)
  8 rats
37 creatures vanquished.

Notes
Turn   | Place    | Note
-------+----------+-------------------------------------------
     0 | D:1      | Ajdolov the Gnoll Wanderer began the quest for the Orb.
     0 | D:1      | Ajdolov set off with the following items: a +3 shortbow, a
                  | +0 mace, a scroll of teleportation, a +0 leather armour
     0 | D:1      | Reached XP level 1. HP: 23/23 MP: 1/1
    79 | D:1      | Reached XP level 2. HP: 29/29 MP: 2/2
   488 | D:1      | Reached XP level 3. HP: 35/35 MP: 3/3
   815 | D:2      | Identified the +1 quarterstaff "Dazuc" {freeze, *Rage Int+7
                  | Dex+7}
   862 | D:2      | Reached skill level 1 in Invocations
   983 | D:2      | You fall into a shaft and drop 1 floor!
  1016 | D:3      | Found Byorph's Antique Weapon Shop.
  1033 | D:3      | Found Xout's Distillery.
  1037 | D:3      | Bought a potion of curing for 39 gold pieces
  1097 | D:3      | Reached skill level 1 in Short Blades
  1097 | D:3      | Reached skill level 1 in Long Blades
  1097 | D:3      | Reached skill level 1 in Axes
  1097 | D:3      | Reached skill level 1 in Polearms
  1097 | D:3      | Reached skill level 1 in Staves
  1097 | D:3      | Reached skill level 1 in Slings
  1097 | D:3      | Reached skill level 1 in Crossbows
  1097 | D:3      | Reached skill level 1 in Throwing
  1097 | D:3      | Reached skill level 1 in Armour
  1097 | D:3      | Reached skill level 1 in Dodging
  1097 | D:3      | Reached skill level 1 in Stealth
  1097 | D:3      | Reached skill level 1 in Shields
  1097 | D:3      | Reached skill level 1 in Unarmed Combat
  1097 | D:3      | Reached skill level 1 in Spellcasting
  1097 | D:3      | Reached XP level 4. HP: 41/41 MP: 5/5
  1127 | D:4      | Reached skill level 1 in Conjurations
  1127 | D:4      | Reached skill level 1 in Hexes
  1127 | D:4      | Reached skill level 1 in Summonings
  1127 | D:4      | Reached skill level 1 in Necromancy
  1127 | D:4      | Reached skill level 1 in Translocations
  1127 | D:4      | Reached skill level 1 in Transmutations
  1127 | D:4      | Reached skill level 1 in Fire Magic
  1127 | D:4      | Reached skill level 1 in Ice Magic
  1127 | D:4      | Reached skill level 1 in Air Magic
  1127 | D:4      | Reached skill level 1 in Earth Magic
  1127 | D:4      | Reached skill level 1 in Poison Magic
  1650 | D:3      | Killed from afar by an orc priest

Illustrated notes

Levels and vault maps discovered:
D:1:      wander_arrival_chamber, layout_basic, minmay_liquid_box, hex_tiny
D:2:      layout_loops_ring, amcnicky_mini_rare_corridor_liquid,
          minmay_misc_feat_columns, kennysheep_crisscross
D:3:      layout_basic, hellmonk_ecumenical_altar_inner_sanctum, serial_shops,
          shop_fountains, nicolae_shop_stone, shop_fountains,
          nicolae_shop_hallway_plus, shop, hangedman_decor_growths
D:4:      layout_basic, uniq_sigmund

Skill      XL: |  1  2  3  4 |
---------------+-------------+-----
Invocations    | 1 |  1.3
Short Blades   | 1 |  1.2
Long Blades    | 1 |  1.2
Axes           | 1 |  1.2
Polearms       | 1 |  1.2
Staves         | 1 |  1.2
Slings         | 1 |  1.2
Crossbows      | 1 |  1.2
Throwing       | 1 |  1.2
Armour         | 1 |  1.2
Dodging        | 1 |  1.2
Stealth        | 1 |  1.2
Shields        | 1 |  1.2
Unarmed Combat | 1 |  1.2
Spellcasting   | 1 |  1.2
Conjurations   | 1 |  1.0
Hexes          | 1 |  1.0
Summonings     | 1 |  1.0
Necromancy     | 1 |  1.0
Translocations | 1 |  1.0
Transmutations | 1 |  1.0
Fire Magic     | 1 |  1.0
Ice Magic      | 1 |  1.0
Air Magic      | 1 |  1.0
Earth Magic    | 1 |  1.0
Poison Magic   | 1 |  1.0
Fighting       | |  6.6
Maces & Flails | |  4.7
Bows           | |  6.6
Evocations     | |  4.7

Action                   |  1- 3 |  4- 6 || total
-------------------------+-------+-------++-------
Melee: Mace              |       |     7 ||     7
 Fire: Shortbow          |    82 |    24 ||   106
  Use: Potion            |       |     1 ||     1
Armor: Leather armour    |     6 |     6 ||    12
Dodge: Dodged            |    13 |    10 ||    23

Table legend: (Time is in decaauts)
 A = Elapsed time spent in this place.
 B = Non-inter-level travel time spent in this place.
 C = Inter-level travel time spent in this place.
 D = Time resting spent in this place.
 E = Time spent auto-exploring this place.
 F = Levels seen in this place.
 G = Mean time per level.
                   A        B        C        D        E       F      G
               +--------+--------+--------+--------+--------+-----+--------+
         Total |   1675 |   1671 |      4 |    584 |    843 |   4 |  418.8 |
       Dungeon |   1675 |   1671 |      4 |    584 |    843 |   4 |  418.8 |
               +--------+--------+--------+--------+--------+-----+--------+

Top non-repeatable levels by time:
     D:1: 750 daAuts
     D:4: 512 daAuts
     D:2: 248 daAuts
     D:3: 164 daAuts
